 Dungeon Crawl Stone Soup version 0.25.1-2-g60ff931 (webtiles) character file.

Game seed: 5655257661075998850

5518 Axonometric the Basher (level 10, 0/66 HPs)
             Began as a Gargoyle Fighter on Aug 29, 2020.
             Was a Follower of Okawaru.
             Slain by a hippogriff (4 damage)
             ... on level 8 of the Dungeon.
             The game lasted 01:49:35 (10474 turns).

Axonometric the Basher (Gargoyle Fighter)          Turns: 10474, Time: 01:49:36

Health: 0/66       AC: 25    Str: 28    XL:     10   Next: 70%
Magic:  10/10      EV:  8    Int: 10    God:    Okawaru [*.....]
Gold:   657        SH: 11    Dex:  9    Spells: 9/9 levels left

rFire    . . .     SeeInvis +   a - +3 morningstar (protect)
rCold    . . .     Gourm    .   i - +0 kite shield (curse)
rNeg     + . .     Faith    .   b - +1 scale mail
rPois    ∞         Spirit   .   t - +0 helmet
rElec    +         Reflect  .   (no cloak)
rCorr    .         Harm     .   w - +0 pair of gloves "Cesy" {Str+6} (curse)
MR       +....                  (no boots)
Stlth    ..........             (no amulet)
HPRegen  0.21/turn              E - ring of protection from magic
MPRegen  0.12/turn              s - ring of see invisible

@: protection aura
A: negative energy resistance 1, electricity resistance, unbreathing,
petrification resistance, rot immunity, AC +7
a: Heroism, Renounce Religion


You were on level 8 of the Dungeon.
You worshipped Okawaru.
Okawaru was aware of your devotion.
You were not hungry.

You visited 3 branches of the dungeon, and saw 10 of its levels.
You also visited: Bailey.

You collected 657 gold pieces.

Inventory:

Hand Weapons
 a - a +3 morningstar of protection (weapon)
 c - a +0 whip of flaming
 d - a +5 halberd
 o - a +2 mace of holy wrath
 r - a +3 whip
 z - a +4 morningstar
Missiles
 l - 360 stones
 n - 48 arrows
 A - 11 boomerangs (quivered)
Armour
 b - a +1 scale mail (worn)
 i - a cursed +0 kite shield (worn)
 t - a +0 helmet (worn)
 w - the cursed +0 pair of gloves "Cesy" (worn) {Str+6}
   (You found it on level 4 of the Dungeon)

   It affects your strength (+6).
   It has a curse placed upon it.
Jewellery
 j - an uncursed ring of flight
 k - the ring "Pakab" {Fire rPois MR++ Dex+5}
   (You found it on level 6 of the Dungeon)

   [ring of fire]

   It enhances your fire magic.
   It affects your dexterity (+5).
   It protects you from fire.
   It makes you vulnerable to cold.
   It protects you from poison.
   It affects your resistance to hostile enchantments.
 s - a ring of see invisible (right hand)
 E - a ring of protection from magic (left hand)
Wands
 B - a wand of random effects (12)
Scrolls
 h - 3 scrolls of remove curse
 m - a scroll of identify
 p - 2 scrolls of teleportation
 v - a scroll of amnesia
 y - a scroll of fog
 D - a scroll of magic mapping
Potions
 e - 3 potions of curing
 g - a potion of cancellation
 q - a potion of flight
 x - a potion of resistance
Comestibles
 f - 10 rations
 u - 5 chunks of flesh


   Skills:
 + Level 9.6 Fighting
 * Level 11.0 Maces & Flails
 + Level 7.3 Armour
 + Level 6.2 Shields


You had 9 spell levels left.
You didn't know any spells.
Your spell library was empty.

Dungeon Overview and Level Annotations

Branches:
Dungeon (8/15)             Temple (1/1) D:6            Lair (1/6) D:8
 Bailey (visited)

Altars:
Ashenzari
Cheibriados
Dithmenos
Elyvilon
Fedhas
Gozag
Hepliaklqana
Kikubaaqudgha
Makhleb
Nemelex Xobeh
Okawaru
Qazlal
Ru
Sif Muna
Trog
Uskayaw
Vehumet
Wu Jian
Xom
Yredelemnul
Zin
The Shining One

Portals:
Abyss: D:5

Annotations:
D:5 2 transporters, Gus979's ghost, amateur DrTm
Temple !nomeem


Innate Abilities, Weirdness & Mutations

You are resistant to torment.
Your stone body is resilient. (AC +7)
You are immune to poison.
You resist negative energy. (rN+)
You are resistant to electric shocks. (rElec)
You can survive without breathing.
You are immune to petrification.
You are immune to rotting.


Message History

You block the hippogriff's attack. The komodo dragon bites you!!
* * * LOW HITPOINT WARNING * * *
The hippogriff bites you but does no damage.
You block the hippogriff's attack.
The hippogriff claws you but does no damage.
There is a staircase back to the Dungeon here.
The hippogriff bites you but does no damage.
The hippogriff closely misses you.
The hippogriff claws you but does no damage.
You climb upwards.
Welcome back to the Dungeon!
There is a staircase to the Lair here.
You thump the hippogriff!
Your weapon exudes an aura of protection.
The hippogriff is moderately wounded.
The hippogriff bites you but does no damage.
You block the hippogriff's attack. x2
You impale the hippogriff!!
The hippogriff is severely wounded.
The hippogriff barely misses you. The hippogriff pecks you.
You die...

#........# #..8... ##..##..##
#...... #...##### #......
#....# ##8.[..∩ ##...#
#....... #....# #.......
##..## #...8... #..#.# ###
#......8 #....# #@# #.......
##..## #H# ##...... #....#
#.# ##..... #....# #.# #.....
##..########.# ########..###
##..##.......# ##..##..#)....
#.....>...#### #........#....
#.........# #.<..)...#....
#........########.......#....


You could see a hippogriff.

Vanquished Creatures
  Pikel (D:8)
  2 orc knights (D:8)
  The ghost of Gus979 the Ruffian, a novice DrTm of Hepliaklqana (D:6)
  A porcupine (Lair:1)
  A sky beast (D:7)
  3 ice beasts (D:6)
  4 orc warriors (Bailey)
  A black bear (D:8)
  A necrophage (D:7)
  A phantom (D:6)
  2 centaurs
  5 ogres
  A big kobold (D:4)
  Blork the orc (D:6)
  6 bullfrogs
  A wyvern skeleton (D:6)
  4 killer bees (D:8)
  3 wights (D:8)
  3 crimson imps
  A bullfrog zombie (D:7)
  2 jellies (D:5)
  6 orc priests
  4 orc wizards
  2 bullfrog skeletons (D:7)
  4 hounds
  2 centaur skeletons (D:4)
  2 iguanas
  6 worker ants
  A killer bee zombie (D:8)
  A bullfrog simulacrum (D:6)
  A centaur simulacrum (D:6)
  A hound zombie (D:5)
  A howler monkey zombie (D:3)
  Robin (D:2)
  15 adders
  3 gnolls (D:4)
  A hound simulacrum (D:6)
  2 shadow imps
  2 white imps (D:6)
  An ooze (D:4)
  An adder zombie (D:6)
  An adder skeleton (D:8)
  6 worms
  6 leopard geckos
  62 orcs
  10 bats
  9 giant cockroaches
  14 goblins
  9 hobgoblins
  6 jackals (D:3)
  7 kobolds
  3 quokkas
  A giant cockroach simulacrum (D:6)
  2 leopard gecko skeletons (D:4)
  8 rats
246 creatures vanquished.

Vanquished Creatures (others)
  A slave (D:8)
  A bullfrog (D:8)
  A crimson imp (D:8)
3 creatures vanquished.

Grand Total: 249 creatures vanquished

Notes
Turn   | Place    | Note
-------+----------+-------------------------------------------
     0 | D:1      | Axonometric the Gargoyle Fighter began the quest for the
                  | Orb.
     0 | D:1      | Reached XP level 1. HP: 14/14 MP: 1/1
   161 | D:1      | Reached XP level 2. HP: 20/20 MP: 2/2
   740 | D:2      | Noticed a centaur
   855 | D:2      | Reached XP level 3. HP: 11/24 MP: 3/3
  1201 | D:2      | Reached skill level 5 in Fighting
  1324 | D:2      | Killed a centaur
  1324 | D:2      | Reached XP level 4. HP: 32/32 MP: 4/4
  1324 | D:2      | Reached XP level 5. HP: 36/36 MP: 5/5
  1756 | D:2      | Noticed Robin
  1773 | D:2      | Killed Robin
  2427 | D:3      | Reached XP level 6. HP: 44/44 MP: 6/6
  2464 | D:3      | Reached skill level 3 in Maces & Flails
  3187 | D:4      | Reached skill level 4 in Maces & Flails
  3530 | D:4      | Reached XP level 7. HP: 41/48 MP: 7/7
  3534 | D:4      | Reached skill level 5 in Maces & Flails
  3643 | D:4      | Found a glowing golden altar of the Shining One.
  3648 | D:4      | Found an ancient bone altar of Kikubaaqudgha.
  3751 | D:4      | Reached skill level 6 in Maces & Flails
  4012 | D:4      | Got a pair of spiked gloves
  4274 | D:4      | Identified the cursed +0 pair of gloves "Cesy" {Str+6} (You
                  | found it on level 4 of the Dungeon)
  4276 | D:5      | Entered Level 5 of the Dungeon
  4438 | D:5      | Reached XP level 8. HP: 53/53 MP: 8/8
  4537 | D:5      | Reached skill level 7 in Maces & Flails
  4732 | D:5      | Found a blossoming altar of Fedhas.
  4973 | D:5      | Noticed Gus979's ghost (amateur DrTm)
  4985 | D:5      | Found a transporter.
  4995 | D:5      | Noticed a toenail golem
  5256 | D:5      | Found a transporter.
  5285 | D:5      | Found a one-way gate to the infinite horrors of the Abyss.
  5502 | D:6      | Reached skill level 8 in Maces & Flails
  5545 | D:6      | Found a sacrificial altar of Ru.
  5764 | D:6      | Reached XP level 9. HP: 42/58 MP: 9/9
  5813 | D:6      | Found a staircase to the Ecumenical Temple.
  5829 | D:6      | Reached skill level 9 in Maces & Flails
  5928 | D:6      | Noticed Blork the orc
  6014 | D:6      | Killed Blork the orc
  6197 | D:6      | Found a runed translucent gate.
  6198 | D:6      | Found a runed translucent gate.
  6199 | D:6      | Found a runed translucent gate.
  6350 | D:6      | Found a hide-covered altar of Uskayaw.
  6507 | D:6      | Noticed Gus979's ghost (novice DrTm)
  6555 | Temple   | Entered the Ecumenical Temple
  6887 | Temple   | Became a worshipper of Uskayaw the Reveler
  6985 | D:7      | Reached * piety under Uskayaw
  7010 | D:7      | Reached skill level 5 in Armour
  7015 | D:7      | Reached ** piety under Uskayaw
  7017 | D:7      | Reached *** piety under Uskayaw
  7019 | D:7      | Reached **** piety under Uskayaw
  7970 | D:8      | Reached ***** piety under Uskayaw
  7984 | D:8      | Found a flagged portal.
  7989 | D:8      | Noticed Pikel
  8017 | D:8      | Killed Pikel
  8017 | D:8      | Reached skill level 5 in Shields
  8161 | Bailey   | Entered a bailey
  8207 | Bailey   | Reached skill level 10 in Maces & Flails
  8207 | Bailey   | Reached XP level 10. HP: 16/65 MP: 3/10
  8601 | Bailey   | Noticed an orc knight
  8607 | Bailey   | Noticed an orc knight
  9048 | D:8      | Killed an orc knight
  9668 | Temple   | Fell from the grace of Uskayaw
  9668 | Temple   | Became a worshipper of Warmaster Okawaru
  9793 | D:6      | Killed Gus979's ghost
  9844 | D:6      | Got the ring "Pakab" {Fire}
  9922 | D:8      | Killed an orc knight
  9983 | D:8      | Found a snail-covered altar of Cheibriados.
 10185 | D:8      | Reached * piety under Okawaru
 10416 | D:8      | Found a staircase to the Lair.
 10455 | Lair:1   | Entered Level 1 of the Lair of Beasts
 10464 | Lair:1   | Reached skill level 11 in Maces & Flails
 10468 | Lair:1   | HP: 3/66 [komodo dragon (19)]
 10474 | D:8      | Slain by a hippogriff

Illustrated notes

Levels and vault maps discovered:
D:1:      mrwooster_arrival_arrow, layout_basic
D:2:      layout_loops_ring, uniq_robin
D:3:      layout_loops_ring, first_ration
D:4:      minmay_diamond_boxcup, layout_basic, grunt_temple_overflow_open
D:5:      layout_basic, fedhas_altar_1, gammafunk_ghost_abyssal_escape
D:6:      layout_basic, nicolae_overflow_crystal_walls,
          minmay_temple_entry_junction_2, basic_altar, gammafunk_ghost_icy,
          uniq_blork_the_orc
D:7:      layout_loops_corners, serial_glass, glass_columns_b, glass_columns_a
D:8:      layout_gridville, lair_entry_dummy, enter_bailey_6, basic_altar,
          uniq_pikel
Temple:   dpeg_five_rooms_temple
Lair:1:   layout_misc_corridors, cheibrodos_lair_caveside_slide,
          grunt_megastairs_1

Skill      XL: |  1  2  3  4  5  6  7  8  9 10 |
---------------+-------------------------------+-----
Fighting       | 4 6 7 8 9 |  9.6
Maces & Flails | 4 6 8 10 11 | 11.0
Armour         | 4 6 7 |  7.3
Shields        | 5 6 |  6.2

Action                   |  1- 3 |  4- 6 |  7- 9 | 10-12 || total
-------------------------+-------+-------+-------+-------++-------
Melee: Flail             |   120 |    58 |       |       ||   178
       Mace              |       |   149 |   351 |       ||   500
       Morningstar       |       |       |    59 |   128 ||   187
       Whip              |       |       |    30 |    52 ||    82
Throw: Stone             |       |     2 |       |       ||     2
       Boomerang         |       |       |     2 |       ||     2
Invok: Stomp             |       |       |     5 |     1 ||     6
Evoke: Wand              |       |       |       |    11 ||    11
  Use: Scroll            |     3 |     7 |    10 |     8 ||    28
       Potion            |     2 |     2 |     3 |     2 ||     9
 Stab: Paralysed         |       |       |     4 |     1 ||     5
       Invisible         |       |       |       |     1 ||     1
  Eat: Ration            |     1 |     1 |     2 |     1 ||     5
       Chunk             |       |     3 |     8 |     5 ||    16
Armor: Scale mail        |    64 |   111 |   170 |    57 ||   402
Dodge: Dodged            |    34 |    56 |   124 |    36 ||   250
Block: Kite shield       |    68 |   105 |   186 |    86 ||   445
